 Dungeon Crawl Stone Soup version 0.25-a0-482-g9b3b753f3f (webtiles) character file.

Game seed: 12351710377168267896, levelgen mode: deterministic

2465 BeastOfSaturn the Magician (level 9, 0/102 HPs)
             Began as a Demonspawn Wizard on Feb 9, 2020.
             Was a Believer of Dithmenos.
             Killed by divine providence
             ... invoked by an orc priest
              (12 damage)
             ... on level 8 of the Dungeon on Feb 10, 2020.
             The game lasted 00:56:26 (10842 turns).

BeastOfSaturn the Magician (Demonspawn Wizard)     Turns: 10842, Time: 00:56:27

Health: 0/102      AC: 24    Str: 10    XL:     9   Next: 26%
Magic:  17/17      EV:  2    Int: 21    God:    Dithmenos [**....]
Gold:   176        SH:  8    Dex: 11    Spells: 11/19 levels left

rFire    + . .     SeeInvis .   Q - +1 broad axe (venom)
rCold    . . .     Gourm    .   v - +2 buckler {rN+}
rNeg     + + +     Faith    .   (armour currently unavailable)
rPois    +         Spirit   .   (helmet currently unavailable)
rElec    .         Reflect  +   (cloak currently unavailable)
rCorr    .         Harm     .   (gloves currently unavailable)
MR       .....     NoTele   +   (boots currently unavailable)
Stlth    ++........             J - +2 amulet of reflection
HPRegen  0.27/turn              h - ring of positive energy
MPRegen  0.15/turn              z - ring of protection from fire

@: tree-form, wreathed by umbra
A: rugged brown scales 2
a: Shadow Step, Renounce Religion


You were on level 8 of the Dungeon.
You worshipped Dithmenos.
Dithmenos was pleased with you.
You were not hungry.
You were a tree.
You visited 2 branches of the dungeon, and saw 9 of its levels.
You also visited: Ossuary.

You collected 281 gold pieces.
You spent 105 gold pieces at shops.

Inventory:

Hand Weapons
 Q - a +1 broad axe of venom (weapon)
Armour
 b - a +0 hat (melded)
 r - a +0 pair of gloves (melded)
 v - a +2 buckler of positive energy (worn)
 x - a +2 robe of magic resistance (melded)
 A - a +0 pair of boots (melded)
 F - a +2 chain mail of fire resistance
Jewellery
 h - a ring of positive energy (left branch)
 z - a ring of protection from fire (right branch)
 J - a +2 amulet of reflection (around neck)
 M - a +5 ring of evasion {unknown}
 O - a cursed amulet of inaccuracy
Wands
 L - a wand of polymorph (8)
 S - a wand of enslavement (9)
Scrolls
 a - a scroll of enchant weapon
 n - 2 scrolls of blinking
 o - 6 scrolls of remove curse
 u - 2 scrolls of enchant armour {unknown}
 y - a scroll of identify
 B - 5 scrolls of teleportation
 E - 2 scrolls of amnesia
 P - a scroll of fear {unknown}
Potions
 f - a potion of ambrosia
 g - 2 potions of mutation
 i - 2 potions of brilliance
 p - a potion of agility {unknown}
 s - 3 potions of curing
 C - a potion of lignification
 H - 2 potions of haste {unknown}
 R - 3 potions of flight {unknown}
Comestibles
 d - 4 rations


   Skills:
 - Level 4.3 Fighting
   Level 1.3 Short Blades
 * Level 3.4(3.5) Axes
   Level 0.8(2.3) Maces & Flails
 * Level 4.2 Armour
 + Level 3.6 Dodging
 - Level 1.7 Stealth
 * Level 3.7 Shields
 + Level 5.8 Spellcasting
 + Level 4.5 Conjurations
 + Level 1.1 Summonings
 + Level 0.9 Translocations
 - Level 1.0 Air Magic
 + Level 1.4 Poison Magic


You had 11 spell levels left.
You knew the following spells:

 Your Spells              Type           Power        Failure   Level  Hunger
a - Magic Dart            Conj           ####         1%          1    None
b - Call Imp              Summ           ##......     10%         2    None
c - Blink                 Tloc           N/A          10%         2    None
d - Mephitic Cloud        Conj/Pois/Air  ###.....     12%         3    ##.....

Your spell library contained the following spells:

 Spells                   Type           Power        Failure   Level  Hunger
 Conjure Flame            Conj/Fire      ###.....     12%         3    ##.....
 Slow                     Hex            #.......     16%         2    None


Dungeon Overview and Level Annotations

Branches:
Dungeon (8/15)             Temple (1/1) D:7         Ossuary (visited)
   Lair: D:8-11

Altars:
Ashenzari
Cheibriados
Dithmenos
Elyvilon
Fedhas
Gozag
Hepliaklqana
Kikubaaqudgha
Makhleb
Nemelex Xobeh
Okawaru
Qazlal
Ru
Sif Muna
Trog
Uskayaw
Vehumet
Wu Jian
Xom
Yredelemnul
Zin
The Shining One

Shops:
D:5 =   D:6 =


Innate Abilities, Weirdness & Mutations

((You have a pair of small horns on your head.))
(You are mostly covered in rugged brown scales. (AC +2, +5% HP))
((You are mostly covered in sharp spines.))


Message History

Your +0 pair of gloves melds into your body.
Your +0 pair of boots melds into your body.
Your +2 robe of magic resistance melds into your body.
You feel less resistant to hostile enchantments.
Your roots penetrate the ground.
You block the orc's attack.
You cannot move.
There are monsters nearby!
The orc hits you but does no damage. You block the orc's attack.
You block the orc's attack. You block the orc's attack.
The orc priest looks satisfied for a moment.
The orc barely misses you. The orc hits you but does no damage.
You block the orc's attack. You block the orc's attack.
The orc priest mumbles some strange prayers to Beogh against you.
Beogh smites you!
You die...

......##### ##.....###### #.
.......## ##...############.
........# ##.##.........##.
≈.......# #.##.###........
≈≈......### #(....#....###.#
≈≈≈≈≈≈..).# #.......#..# #..
≈≈≈≈≈;..'.# #.##.##....###.#
≈≈......#.#######.##.##..##...##
≈.......#..Zoo.♣.........###.##
........###.#####.##.##.## #.#
.......##...# #.##.##.# #.#
.%....# ##### #.......# #.#
.....# ####.#######.# ...#
#.........# ###########


You could see an orc priest, an orc and a centaur skeleton.

Vanquished Creatures
  Menkaure (Ossuary)
  2 sky beasts
  A hornet zombie (D:7)
  2 orc warriors (D:6)
  An ice beast (D:6)
  2 ogres
  A centaur (D:5)
  A bullfrog (D:6)
  A howler monkey (D:4)
  5 wights
  A crimson imp (D:5)
  2 hounds
  A bullfrog zombie (D:5)
  A jelly (D:8)
  5 orc priests
  3 bullfrog skeletons
  Jessica (D:2)
  A centaur zombie (D:3)
  4 iguanas
  Natasha (thrice) (D:4)
  5 orc wizards
  6 worker ants
  3 mummies (Ossuary)
  A worker ant zombie (D:5)
  10 adders
  3 shadow imps
  2 oozes
  2 adder skeletons
  9 worms
  5 dart slugs
  7 leopard geckos
  30 orcs
  8 bats
  5 giant cockroaches
  3 goblins
  7 hobgoblins
  10 jackals
  5 quokkas
  A ball python (D:5)
  9 frilled lizards
  2 gnoll skeletons (Ossuary)
  5 gnoll zombies (Ossuary)
  6 goblin skeletons (Ossuary)
  7 goblin zombies (Ossuary)
  6 hobgoblin skeletons (Ossuary)
  3 hobgoblin zombies (Ossuary)
  2 jackal skeletons
  8 kobolds
  3 kobold skeletons (Ossuary)
  3 kobold zombies (Ossuary)
  2 orc skeletons (Ossuary)
  3 orc zombies (Ossuary)
  4 rats
  5 rat skeletons (Ossuary)
  4 rat zombies (Ossuary)
233 creatures vanquished.

Vanquished Creatures (collateral kills)
  A hobgoblin (D:3)
  A frilled lizard (D:3)
2 creatures vanquished.

Vanquished Creatures (others)
  An orc (D:3)
  A kobold skeleton (Ossuary)
2 creatures vanquished.

Grand Total: 237 creatures vanquished

Notes
Turn   | Place    | Note
-------+----------+-------------------------------------------
     0 | D:1      | BeastOfSaturn the Demonspawn Wizard began the quest for the
                  | Orb.
     0 | D:1      | Reached XP level 1. HP: 13/13 MP: 4/4
   174 | D:1      | Gained mutation: You are partially covered in sharp spines.
                  | [demonic ancestry]
   174 | D:1      | Reached XP level 2. HP: 14/19 MP: 3/6
   422 | D:1      | Learned a level 2 spell: Call Imp
   958 | D:2      | Gained mutation: You are mostly covered in sharp spines.
                  | [demonic ancestry]
   958 | D:2      | Reached XP level 3. HP: 25/25 MP: 4/8
   995 | D:2      | Reached skill level 1 in Fighting
  1124 | D:2      | Learned a level 2 spell: Blink
  1251 | D:2      | Gained mutation: You have a pair of small horns on your
                  | head. [demonic ancestry]
  1251 | D:2      | Reached XP level 4. HP: 29/32 MP: 6/9
  1486 | D:2      | Reached skill level 4 in Spellcasting
  1559 | D:2      | Noticed Jessica
  1569 | D:2      | Killed Jessica
  1569 | D:2      | Reached skill level 1 in Armour
  2372 | D:3      | Reached XP level 5. HP: 33/37 MP: 9/11
  3141 | D:3      | Found a radiant altar of Vehumet.
  3317 | D:3      | Learned a level 3 spell: Mephitic Cloud
  3696 | D:4      | Noticed a phantom
  3703 | D:4      | Noticed Natasha
  3717 | D:4      | Reached skill level 1 in Shields
  3717 | D:4      | Gained mutation: You are partially covered in rugged brown
                  | scales. (AC +1, +3% HP) [demonic ancestry]
  3717 | D:4      | Reached XP level 6. HP: 33/45 MP: 7/12
  4219 | D:4      | Killed Natasha
  4701 | D:4      | Noticed Natasha
  4708 | D:4      | Killed Natasha
  4859 | D:4      | Noticed Natasha
  4865 | D:4      | Killed Natasha
  4901 | D:4      | Gained mutation: You are mostly covered in rugged brown
                  | scales. (AC +2, +5% HP) [demonic ancestry]
  4901 | D:4      | Reached XP level 7. HP: 41/53 MP: 11/13
  5140 | D:5      | Entered Level 5 of the Dungeon
  5439 | D:5      | Found Ydemif's Jewellery Boutique.
  5452 | D:5      | Bought a +2 amulet of reflection for 105 gold pieces
  5749 | D:5      | Reached skill level 1 in Poison Magic
  6180 | D:5      | Reached skill level 5 in Spellcasting
  6445 | D:6      | Reached XP level 8. HP: 61/63 MP: 13/15
  6973 | D:6      | Found Roliraak's Jewellery Shop.
  7075 | D:6      | Reached skill level 1 in Air Magic
  7388 | D:6      | Found an opulent altar of Gozag.
  7412 | D:6      | Reached skill level 1 in Short Blades
  7413 | D:6      | Noticed a two-headed ogre
  7727 | D:5      | Upgraded the game from 0.25-a0-479-g8579842fd4 to
                  | 0.25-a0-482-g9b3b753f3f
  8227 | D:6      | Found an ancient bone altar of Kikubaaqudgha.
  8230 | D:6      | Found a shimmering blue altar of Sif Muna.
  8907 | D:7      | Reached skill level 1 in Axes
  8919 | D:7      | Reached XP level 9. HP: 48/68 MP: 7/17
  9031 | D:7      | Found a staircase to the Ecumenical Temple.
  9041 | Temple   | Entered the Ecumenical Temple
  9323 | Temple   | Became a worshipper of Dithmenos the Shadowed
  9703 | D:8      | Found a sand-covered staircase.
  9714 | Ossuary  | Entered an ossuary
  9833 | Ossuary  | Reached * piety under Dithmenos
 10001 | Ossuary  | Noticed Menkaure
 10043 | Ossuary  | Killed Menkaure
 10706 | D:8      | Found a stormy altar of Qazlal.
 10710 | D:8      | Found a burning altar of Makhleb.
 10818 | D:8      | Reached ** piety under Dithmenos
 10842 | D:8      | Killed from afar by an orc priest

Levels and vault maps discovered:
D:1:      lightli_arrival_statuegarden, layout_loops_ring
D:2:      layout_loops_cross, item_on_display_a, uniq_jessica
D:3:      layout_basic, fiery_altar_vehumet, st_stairs_5
D:4:      layout_basic, first_ration, uniq_natasha
D:5:      layout_loops_ring, minmay_shop_enchanted_jewellery
D:6:      layout_loops_ring, nicolae_overflow_hidden_temple,
          nicolae_gozag_seed_capital, cheibrodos_sewer_entry_bend, serial_shops,
          shop, item_on_display_a
D:7:      layout_loops_ring, temple_pool_b
D:8:      layout_loops_ring, minitemple, nicolae_ossuary_entry_monument,
          kennysheep_cross_room
Temple:   eino_temple_scatter_basement

Skill      XL: |  1  2  3  4  5  6  7  8  9 |
---------------+----------------------------+-----
Fighting       | 1 2 3 4 |  4.3
Spellcasting   | 4 5 |  5.8
Armour         | 1 2 4 |  4.2
Dodging        | 2 3 |  3.6
Conjurations   | 2 3 4 |  4.5
Shields        | 1 2 3 |  3.7
Poison Magic   | 1 |  1.4
Air Magic      | 1 |  1.0
Short Blades   | 1 |  1.3
Axes           | 1 3 |  3.4
Maces & Flails | |  0.8
Stealth        | |  1.7
Summonings     | |  1.1
Translocations | |  0.9

Action                   |  1- 3 |  4- 6 |  7- 9 || total
-------------------------+-------+-------+-------++-------
Melee: Mace              |    12 |       |       ||    12
       Dagger            |    30 |   180 |   168 ||   378
       Short sword       |     8 |       |       ||     8
       Headbutt          |       |    29 |    40 ||    69
       Broad axe         |       |       |   147 ||   147
 Cast: Magic Dart        |    46 |   133 |   140 ||   319
       Call Imp          |     1 |     3 |       ||     4
       Blink             |     1 |     1 |       ||     2
       Mephitic Cloud    |       |     4 |    14 ||    18
  Use: Scroll            |       |     2 |    15 ||    17
       Potion            |       |       |     2 ||     2
 Stab: Sleeping          |     1 |     1 |       ||     2
       Confused          |       |     1 |     9 ||    10
       Distracted        |       |       |     1 ||     1
  Eat: Chunk             |     1 |       |       ||     1
       Ration            |       |     4 |     6 ||    10
Armor: Leather armour    |    17 |     8 |       ||    25
       Robe              |       |    28 |    55 ||    83
       Skin              |       |       |     2 ||     2
Dodge: Dodged            |    29 |    71 |   131 ||   231
Block: Buckler           |       |    33 |   136 ||   169
       Reflection        |       |       |     3 ||     3

Table legend:
 A = Non-vault XP
 B = Vault XP
 C = Vault XP percentage of total XP
 D = Non-vault monster count
 E = Vault monster count
 F = Vault count percentage of total count
                 A         B        C        D         E       F
            +---------+---------+-------+---------+---------+-------
      Total |    3170 |     352 |  10.0 |     176 |      57 |  24.5
            +---------+---------+-------+---------+---------+-------
        D:1 |      27 |       0 |   0.0 |      15 |       0 |   0.0
        D:2 |      98 |      37 |  27.4 |      31 |       1 |   3.1
        D:3 |     158 |       5 |   3.1 |      31 |       3 |   8.8
        D:4 |     448 |      28 |   5.9 |      21 |       1 |   4.5
        D:5 |     500 |       0 |   0.0 |      19 |       0 |   0.0
        D:6 |    1084 |       5 |   0.5 |      34 |       1 |   2.9
        D:7 |     605 |       0 |   0.0 |      19 |       0 |   0.0
        D:8 |     250 |       0 |   0.0 |       6 |       0 |   0.0
    Ossuary |       0 |     277 | 100.0 |       0 |      51 | 100.0
            +---------+---------+-------+---------+---------+-------
